AoeStats
← CL | PainFelipeJupyCastigador

Arabia

504687910Analyzed
1v1 RM · 26d ago on Sep 6, 2026· 56m 26s· 2 players
Game mode
Random Map
Map size
Tiny (2 player)
Population
200
Speed
Normal
Resources
Standard
Victory
Conquest
Starting age
Dark Age
Ending age
Imperial Age
RankedLock teamsTeams togetherTeam positionsShared explorationLock speedFull tech treeHidden civsTurbo modeCheats
Victory
Defeat
1989
+22
🇦🇷 Mongols · Argentina
2136
-22
CL | PainFelipeJupyCastigador
0:26 Loom
10:04 Feudal Age
10:52 Double-Bit Axe
13:25 Town Watch
14:48 Fletching
18:36 Wheelbarrow
27:43 Padded Archer Armor
27:29 Horse Collar
32:35 Castle Age
34:47 Bodkin Arrow
37:39 Bow Saw
39:42 Guard Tower
42:34 Ballistics
50:12 Imperial Age
48:36 Hand Cart
49:32 Leather Archer Armor
49:15 Gold Mining
49:16 Stone Mining
49:38 Heavy Plow
49:12 Crossbowman
51:18 Conscription
50:21 Capped Ram
52:12 Chemistry
52:56 Stone Shaft Mining
51:57 Arbalester
52:43 Thumb Ring
53:18 Bracer
54:46 Two-Man Saw
55:04 Ring Archer Armor
54:39 Siege Ram
神明与她
5:01 Loom
11:12 Feudal Age
16:39 Castle Age
25:20 Double-Bit Axe
28:36 Scale Barding Armor
42:36 Fletching
45:40 Wheelbarrow
47:01 Horse Collar
48:59 Bodkin Arrow
49:42 Bow Saw
49:32 Heavy Plow
54:36 Imperial Age
52:50 Padded Archer Armor
53:12 Elite Skirmisher
55:05 Ballistics
55:20 Bracer
55:36 Leather Archer Armor
56:22 Chemistry
Connection lost

Rejoining the realm…

Still unreachable

The connection could not be restored.

Session expired

The server has moved on; the page needs a fresh start.